 Dungeon Crawl Stone Soup version 0.28.0 (webtiles) character file.

Game seed: 13199582253786960526

62 Alacron the Ducker (level 3, -3/17 HPs)
             Began as a Felid Berserker on Feb 16, 2022.
             Was a Follower of Trog.
             Slain by a gnoll (10 damage)
             ... on level 3 of the Dungeon.
             The game lasted 00:03:29 (2810 turns).

Alacron the Ducker (Felid Berserker)                Turns: 2810, Time: 00:03:29

Health: -3/17      AC:  1    Str: 15    XL:     3   Next: 85%
Magic:  4/4        EV: 19    Int:  8    God:    Trog [*.....]
Gold:   37         SH:  0    Dex: 15    Spells: 2/2 levels left
                                        Lives:  0   Deaths: 0

rFire   . . .      SeeInvis +     - Unarmed
rCold   . . .      Faith    +   (shield unavailable)
rNeg    . . .      Spirit   .   (armour unavailable)
rPois   .          Reflect  .   (helmet unavailable)
rElec   .          Harm     .   (cloak unavailable)
rCorr   .          Rampage  .   (gloves unavailable)
Will    .....                   (boots unavailable)
Stlth   ++........              f - amulet of faith
HPRegen 0.05/turn               (no ring)
MPRegen 0.09/turn               (no ring)

@: quick
A: very small, claws 1, fangs 3, see invisible, speed 1, shaggy fur 1, stealthy
paws, no weapons or thrown items, no armour, multi-lived
a: Renounce Religion, Berserk


You were on level 3 of the Dungeon.
You worshipped Trog.
Trog was aware of your devotion.
You visited 1 branch of the dungeon, and saw 3 of its levels.

You collected 89 gold pieces.
You spent 52 gold pieces at shops.

Inventory:

Jewellery
 f - an amulet of faith (around neck)
 i - a ring of magical power
Scrolls
 b - 2 scrolls of enchant weapon
 c - a scroll of blinking
 g - a scroll of noise {unknown}
 j - a scroll of teleportation {unknown}
Potions
 a - a potion of brilliance {unknown}
 d - a potion of might {unknown}
 e - 3 potions of curing


   Skills:
 + Level 3.3 Fighting
 + Level 4.8 Dodging
 + Level 1.8 Stealth
 + Level 3.8 Unarmed Combat


You had 2 spell levels left.
You didn't know any spells.
Your spell library contained the following spells:

 Spells                   Type           Power      Damage    Failure   Level
 Blink                    Tloc           0%         N/A       54%         2
 Manifold Assault         Tloc           0%         N/A       100%        5
 Storm Form               Tmut/Air       0%         N/A       100%        7


Dungeon Overview and Level Annotations

Branches:
Dungeon (3/15)

Altars:

Shops:
D:2 ?

Annotations:
D:3 1 runed translucent door, Crazy Yiuf


Innate Abilities, Weirdness & Mutations

You have sharp claws.
You have razor-sharp teeth.
You have supernaturally acute eyesight. (SInv)
You cover ground quickly. (Speed+)
You are covered in fur. (AC +1)
Your paws help you pounce on unaware monsters.
You are incapable of wielding weapons or throwing items.
You cannot wear armour.
You gain extra lives every three experience levels.


Message History

You kill the gnoll!
Trog accepts your kill.
A gnoll is nearby!
The gnoll hits you with a +0 spear!
Things that are here:
a +4 flail; a gnoll corpse A gnoll is nearby!
You scratch the gnoll.
The gnoll is lightly wounded.
The gnoll completely misses you.
A gnoll is nearby!
You closely miss the gnoll.
The gnoll is lightly wounded.
The gnoll misses you.
A gnoll is nearby!
You barely miss the gnoll. Your bite misses the gnoll.
A gnoll comes into view. It is wielding a +0 flail.
The gnoll completely misses you.
There are monsters nearby!
The gnoll shouts!
You scratch the gnoll.
The gnoll is moderately wounded.
The gnoll hits you with a +0 spear.
There are monsters nearby!
You are too injured to fight recklessly!
There are monsters nearby!
You are too injured to fight recklessly!
There are monsters nearby!
You are too injured to fight recklessly!
There are monsters nearby!
You are too injured to fight recklessly!
There are monsters nearby!
You closely miss the gnoll. Your bite misses the gnoll.
The gnoll is moderately wounded.
The gnoll barely misses you.
You scratch the gnoll.
The gnoll is heavily wounded.
The gnoll hits you with a +0 spear!
Ouch! That really hurt!
You die...

.##.# #.#
#.#.# #.#
.##.# #.#
#.#.# #.#
....# #.#
#.#.# #.#
##### .####
#.# #.#.#
#.#####...#
.######.#
#.#.#
#.#........
.(......#
##.#.#
#...####...
#########
#..#.# #####
##..
####.##.#####
#...
#........@gg#
##..
#.##.##.###.#
##. # #.##.#
# ## #.##.#
#. #?##.. ##.
#.#### #.#
#.# #+# #.
... #...


You could see 2 gnolls.

Vanquished Creatures
  A gnoll (D:3)
  2 adders (D:2)
  A dart slug (D:2)
  A bat (D:1)
  5 endoplasms
  2 giant cockroaches
  3 goblins
  4 hobgoblins
  A kobold (D:2)
  A quokka (D:3)
  6 ball pythons
  2 frilled lizards (D:1)
29 creatures vanquished.

Notes
Turn   | Place    | Note
-------+----------+-------------------------------------------
     0 | D:1      | Alacron the Felid Berserker began the quest for the Orb.
     0 | D:1      | Reached XP level 1. HP: 10/10 MP: 2/2
   402 | D:1      | Found a faded altar of an unknown god.
   515 | D:1      | Reached XP level 2. HP: 4/14 MP: 3/3
  1459 | D:2      | Reached skill level 1 in Stealth
  1459 | D:2      | Reached XP level 3. HP: 8/17 MP: 4/4
  2326 | D:2      | Found Ziutai's Magic Scroll Shoppe.
  2330 | D:2      | Bought a scroll of identify for 26 gold pieces
  2330 | D:2      | Bought a scroll of identify for 26 gold pieces
  2749 | D:3      | Found a runed translucent door.
  2750 | D:3      | Noticed Crazy Yiuf
  2810 | D:3      | Slain by a gnoll

Illustrated notes

Levels and vault maps discovered:
D:1:      sevenhm_arrival_forest_fort_small_6, layout_basic,
          dreamdust_ecumenical_altar_grove
D:2:      layout_basic, serial_shops, shop, lemuel_another_geyser
D:3:      layout_loops_ring, uniq_crazy_yiuf_cottage

Skill      XL: |  1  2 |
---------------+-------+-----
Stealth        | 1 |  1.8
Fighting       | |  3.3
Dodging        | |  4.8
Unarmed Combat | |  3.8

Action                   || total
-------------------------++-------
Melee: Unarmed           ||    86
       Bite              ||     5
  Use: Scroll            ||     3
 Stab: Sleeping          ||     6
Armor: Skin              ||     5
Dodge: Dodged            ||    59
